General information
- name: HopeChange
- type: Custom game
- host: ThulsaDoom
- saver: SPLENDID.DANCER
map: EchoIsles
- players: 2
- length: 03:54
- speed: Fast
- version: 1.27 W3XP
- replay type: Public
» download(12 KB)
Players
team 1 (loser)
ThulsaDoom (
gray | 79 APM | 304 actions | 03:50)
1 Blademaster
1 Wind Walk
» actions
| Assign group hotkey | 5 | |
| Basic commands | 2 | |
| Build / train | 14 | |
| Enter build submenu | 6 | |
| Enter hero's abilities submenu | 1 | |
| Right click | 153 | |
| Select / deselect | 113 | |
| Use ability | 10 | |
304 total
» units
» buildings
| Orc Burrow | 2 | |
| Altar of Storms | 1 | |
| Barracks | 1 | |
| Voodoo Lounge | 1 | |
| Stronghold | 1 | |
6 total
» build order
00:12 Orc Burrow
00:23 Altar of Storms
00:48 Barracks
01:32 Orc Burrow
01:54 Voodoo Lounge
03:19 Stronghold
team 2 (winner)
SPLENDID.DANCER (
red | 68 APM | 267 actions | 03:54)
1 Blademaster
1 Wind Walk
» actions
| Assign group hotkey | 4 | |
| Basic commands | 1 | |
| Build / train | 13 | |
| Enter build submenu | 6 | |
| Enter hero's abilities submenu | 1 | |
| Right click | 144 | |
| Select / deselect | 38 | |
| Select group hotkey | 46 | |
| Use ability | 14 | |
267 total
» units
» buildings
| Altar of Storms | 1 | |
| Orc Burrow | 4 | |
| Voodoo Lounge | 1 | |
| Stronghold | 1 | |
7 total
» build order
00:06 Altar of Storms
00:19 Orc Burrow
00:49 Voodoo Lounge
01:59 Stronghold
02:15 Orc Burrow
02:28 Orc Burrow
03:22 Orc Burrow
» items
| Healing Salve | 1 | |
| Lesser Clarity Potion | 1 | |
2 total
Chat log
(00:33 / All) SPLENDID.DANCER: nooobbbb
(03:49 / All) ThulsaDoom: fucking redo
(03:52 / All) SPLENDID.DANCER: ROFL